 Dungeon Crawl Stone Soup version 0.21.1-1-g345015f (webtiles) character file.

19 Mgcat the Insei (level 2, -2/23 HPs)
             Began as a Gnoll Transmuter on Mar 22, 2018.
             Slain by an orc
             ... wielding a +0 flail
              (8 damage)
             ... on level 2 of the Dungeon.
             The game lasted 00:01:51 (382 turns).

Mgcat the Insei (Gnoll Transmuter)                   Turns: 382, Time: 00:01:52

Health: -2/23      AC:  2    Str: 12    XL:     2   Next: 75%
Magic:  0/7        EV: 14    Int: 15    God:
Gold:   37         SH:  0    Dex: 15    Spells: 7/10 levels left

rFire    . . .     SeeInvis .     - Unarmed
rCold    . . .     Gourm    .   (no shield)
rNeg     . . .     Faith    .   b - +0 robe
rPois    .         Spirit   +   (no helmet)
rElec    .         Reflect  .   (no cloak)
rCorr    .         Harm     .   (no gloves)
MR       .....                  (boots currently unavailable)
Stlth    +.........             j - amulet of guardian spirit {Spirit}
HPRegen  0.07/turn              e - ring of loudness (curse) {Stlth-}
MPRegen  0.10/turn              (no ring)

@: appendage
A: distributed training, fangs 1, talons 3, strong nose
a: End Transformation


You were on level 2 of the Dungeon.
You were not hungry.
You had grown temporary talons.
You visited 1 branch of the dungeon, and saw 3 of its levels.

You collected 37 gold pieces.

Inventory:

Missiles
 a - 12 arrows
Armour
 b - a +0 robe (worn)
Jewellery
 e - a cursed ring of loudness (left hand) {Stlth-}
   (You found it on level 2 of the Dungeon)
 j - an amulet of guardian spirit (around neck) {Spirit}
   (You found it on level 1 of the Dungeon)
Scrolls
 g - a scroll of identify
Potions
 h - a potion of curing
 i - a potion of invisibility {unknown}
Books
 c - a book of Changes
Comestibles
 d - 2 rations
 f - 5 chunks of flesh {@w0}


   Skills:
 + Level 2.5 Fighting
 + Level 0.5 Short Blades
 + Level 0.5 Long Blades
 + Level 0.5 Axes
 + Level 0.5 Maces & Flails
 + Level 0.5 Polearms
 + Level 0.5 Staves
 + Level 0.5 Slings
 + Level 0.5 Bows
 + Level 0.5 Crossbows
 + Level 0.5 Throwing
 + Level 0.5 Armour
 + Level 4.5 Dodging
 + Level 0.5 Stealth
 + Level 0.5 Shields
 + Level 6.5 Unarmed Combat
 + Level 4.9 Spellcasting
 + Level 0.3 Conjurations
 + Level 0.3 Hexes
 + Level 0.3 Charms
 + Level 0.3 Summonings
 + Level 0.3 Necromancy
 + Level 0.3 Translocations
 + Level 3.7 Transmutations
 + Level 0.3 Fire Magic
 + Level 0.3 Ice Magic
 + Level 0.3 Air Magic
 + Level 0.3 Earth Magic
 + Level 0.3 Poison Magic
 + Level 0.6 Invocations
 + Level 0.5 Evocations


You had 7 spell levels left.
You knew the following spells:

 Your Spells              Type           Power        Failure   Level  Hunger
a - Beastly Appendage     Tmut           ##....       3%          1    None
b - Sticks to Snakes      Tmut           ##......     5%          2    ##.....


Dungeon Overview and Level Annotations

Branches:
Dungeon (3/15)

Altars:
Cheibriados


Innate Abilities, Weirdness & Mutations

Your experience applies equally to all skills.
You have very sharp teeth.
Your uncanny sense of smell can sniff out nearby items.
You have claws for feet.


Message History

The bat barely misses you.
You closely miss the bat. The bat barely misses you.
The bat closely misses you.
Casting: Beastly Appendage
Confirm with . or Enter, or press ? or * to list all spells.
Your feet morph into talons.
The bat hits you. The bat closely misses you.
You closely miss the bat. You claw the bat. You bite the bat.
The bat is severely wounded.
The bat completely misses you. The bat hits you but does no damage.
The bat closely misses you.
You hit the bat.
You kill the bat!
You see here a bat corpse.
You butcher the bat corpse.
f - 5 chunks of flesh {@w0} (gained 1)
There is a stone staircase leading down here.
You climb downwards.
You hear the sound of rushing water.
There is an entrance to a sewer on this level.
Hurry and find it before the portal rusts away!
You hear the slow rusting of a distant drain. 5 orcs come into view.
The orc shouts! x5
Found 24 bolts.
Found a snail-covered altar of Cheibriados.
Found a stone staircase leading down.
An ooze and a giant cockroach come into view.
There is a stone staircase leading up here.
Unknown command.
Unknown command.
Unknown command.
Unknown command.
The ooze quivers.
The orc barely misses you.
You climb upwards.
There is a stone staircase leading down here.
Casting: Beastly Appendage
Confirm with . or Enter, or press ? or * to list all spells.
You extend your transformation's duration.
The orc barely misses you.
You hit the orc.
The orc is heavily wounded.
The orc barely misses you.
You hit the orc. You punch the orc, but do no damage.
The orc is almost dead.
The orc misses you.
You barely miss the orc.
You kill the orc!
Things that are here:
an enchanted short sword; a leather armour
There is a stone staircase leading down here.
You climb downwards.
You hear the sound of rushing water.
There is an entrance to a sewer on this level.
Hurry and find it before the portal rusts away!
Your transformation is almost over.
The orc hits you with a hand axe. The orc completely misses you.
The orc closely misses you.
There is a stone staircase leading up, spattered with blood here.
Unknown command.
Unknown command.
Unknown command.
The orc hits you but does no damage. The orc closely misses you.
The orc hits you with a flail. The orc hits you with a falchion.
You climb upwards.
There is a stone staircase leading down here.
The orc barely misses you. The orc hits you with a falchion.
A bat comes into view.
A goblin comes into view.
The bat closely misses you. The bat barely misses you.
The bat closely misses you. The bat misses you. The bat completely misses you.
Your talons disappear.
The bat closely misses you. The bat hits you but does no damage.
The orc hits you with a hand axe.
You closely miss the goblin. You bite the goblin, but do no damage.
The goblin hits you.
You punch the goblin!
You kill the goblin!
Casting: Beastly Appendage
Confirm with . or Enter, or press ? or * to list all spells.
Your feet morph into talons.
The orc misses you.
You hit the orc. Your kick misses the orc. You bite the orc, but do no damage.
The orc is severely wounded.
The orc hits you with a short sword.
* * * LOW HITPOINT WARNING * * *
Casting: Beastly Appendage
Confirm with . or Enter, or press ? or * to list all spells.
You don't have enough magic to cast that spell.
Casting: Beastly Appendage
Confirm with . or Enter, or press ? or * to list all spells.
You don't have enough magic to cast that spell.
You hit the orc.
You kill the orc!
You hit the orc. Your bite misses the orc.
The orc is severely wounded.
The orc closely misses you.
You barely miss the orc.
The orc is severely wounded.
The orc hits you with a flail!
You die...

#.###...######.##
#.#.....#.......#
#.#.#...#.......##
#.#.##..#.##....(#
#.......#.###...#####
###.#.......oo.......
#.#...#..o[...#####
#.#####.####..#
#####.### #..@oo..#
#.......# #####b..#
#.###[#.# .....#
###...# g......#
##.#.....####.........#
#...........+.........+
##.##....####.........#
# #.#..# ##.......##
......# ∆


You could see 2 orcs and a bat.

Vanquished Creatures
  An ooze (D:1)
  2 leopard geckos (D:2)
  2 orcs (D:2)
  A bat (D:2)
  A goblin (D:2)
  A frilled lizard (D:1)
  A kobold (D:1)
  3 rats
12 creatures vanquished.

Notes
Turn   | Place    | Note
-------+----------+-------------------------------------------
     0 | D:1      | Mgcat the Gnoll Transmuter began the quest for the Orb.
     0 | D:1      | Reached XP level 1. HP: 17/17 MP: 6/6
    65 | D:1      | Reached XP level 2. HP: 15/23 MP: 5/7
   282 | D:2      | Learned a level 2 spell: Sticks to Snakes
   355 | D:3      | Found a snail-covered altar of Cheibriados.
   382 | D:2      | Slain by an orc

Action                   || total
-------------------------++-------
Melee: Unarmed           ||    26
       Headbutt          ||     3
       Bite              ||     3
       Kick              ||     2
       Punch             ||     2
 Cast: Beastly Appendage ||     7
  Use: Scroll            ||     3
Armor: Robe              ||     2
Dodge: Dodged            ||    27

Vault maps used:
D:1:      minmay_arrival_up_and_down, serial_forest,
          infiniplex_forest_lined_ring, infiniplex_forest_lined_room_3,
          infiniplex_forest_end_1, infiniplex_forest_straight_2,
          infiniplex_forest_clump_long, infiniplex_forest_clump_tiny
D:2:      minitemple, grunt_ministairs_7, uniq_natasha
D:3:      lemuel_crystal_altar, portal_sewer_entry_b, grunt_ministairs_11,
          st_stairs_4, tgw_kikubaaqudgha

Table legend:
 A = Turns spent in this place as a percentage of turns spent in the entire game.
 B = Non-inter-level travel turns spent in this place as a percentage of non-inter-level travel turns spent in the entire game.
 C = Inter-level travel turns spent in this place as a percentage of turns spent in this place.
 D = Turns resting spent in this place as a percentage of non-inter-level travel turns spent in this place.
 E = Turns spent auto-exploring this place as a percentage of non-inter-level travel turns spent in this place.
 F = Non-inter-level travel turns spent in this place divided by the number of levels of this place that you've seen.
                   A       B       C       D       E      F
               +-------+-------+-------+-------+-------+----------------------
         Total | 100.0 | 100.0 |   0.0 |   0.0 |  62.8 | 127.3
       Dungeon | 100.0 | 100.0 |   0.0 |   0.0 |  62.8 | 127.3
               +-------+-------+-------+-------+-------+----------------------

Table legend:
 A = Kills in this place as a percentage of kills in entire the game.
 B = Kills by you in this place as a percentage of kills by you in the entire game.
 C = Kills by friends in this place as a percentage of kills by friends in the entire game.
 D = Other kills in this place as a percentage of other kills in the entire game.
 E = Experience gained in this place as a percentage of experience gained in the entire game.
 F = Experience gained in this place divided by the number of levels of this place that you have seen.
                   A       B       C       D       E      F
               +-------+-------+-------+-------+-------+----------------------
         Total | 100.0 | 100.0 |   N/A |   N/A | 100.0 |   9.3
       Dungeon | 100.0 | 100.0 |   N/A |   N/A | 100.0 |   9.3
               +-------+-------+-------+-------+-------+----------------------
